 Dungeon Crawl Stone Soup version 0.15-a0-1549-gb42009b (webtiles) character file.

472091 AvylaarBelgium the Sorcerer (level 23, -1/146 HPs)
             Began as a Deep Elf Fire Elementalist on June 15, 2014.
             Was the Champion of Vehumet.
             Engulfed by their own flame (21 damage)
             ... on Level 5 of the Vaults on June 17, 2014.
             The game lasted 09:24:11 (63284 turns).

AvylaarBelgium the Sorcerer (DEFE)                 Turns: 63284, Time: 09:24:11

HP  -1/146       AC 21     Str 10      XL: 23   Next: 26%
MP  37/47        EV 21     Int 40      God: Vehumet [******]
Gold 4594        SH  4     Dex 14      Spells: 12 memorised,  8 levels left

rFire  . . .     SeeInvis +     A - +5 mace of Brilliance {holy, rN+ AC+5 Int+5 SInv Stlth-}
rCold  + + +     Clarity  .     w - +3 leather armour of a sewer {+Blink rPois}
rNeg   + + +     rCorr    .     a - +0 buckler "Ereutia" {Str+5 Int+2}
rPois  +         rRot     .     (helmet restricted)
rElec  .         Spirit   .     T - +1 ratskin cloak {rPois rN+ Dex-1 Int-1}
SustAb .         Warding  +     O - +2 pair of gloves {rC+}
rMut   .         Stasis   .     G - +2 pair of boots {run}
Gourm  .                        g - amulet "Egopt" {Ward rN+ MR++}
MR     +++++                    y - ring of Fein {rPois rC++ rN+ MR+ Stlth+}
                                X - ring of the Mage {Wiz MR++ Int+3}

@: glowing, quick, almost entirely resistant to hostile enchantments, very
unstealthy
A: antennae 1
a: Renounce Religion, Evoke Blink
}: 3/15 runes: decaying, serpentine, slimy


You were on level 5 of the Vaults.
You worshipped Vehumet.
Vehumet was exalted by your worship.
You were not hungry.

You visited 11 branches of the dungeon, and saw 55 of its levels.
You visited 1 bazaar.
You also visited: Labyrinth, Sewer and Ice Cave.

You collected 6074 gold pieces.
You spent 1311 gold pieces at shops.

Inventory:

Hand weapons
 e - the +9 lance "Wyrmbane" {slay drac, +Rage rPois rF+ AC+5}
   (You found it in an ice cave)

   This legendary weapon is deadly to all dragonkind.
   It affects your AC (+5).
   It protects you from fire.
   It protects you from poison.
   It lets you go berserk.
 q - the +6 spear "Caos" {freeze, *Tele +Fly rF+}
   (You found it on level 2 of the Vaults)

   It has been specially enchanted to freeze those struck by it, causing extra
   injury to most foes and up to double damage against particularly susceptible
   opponents.
   It can also slow down cold-blooded creatures.
   It protects you from fire.
   It lets you fly.
   It causes random teleportation.
 A - the +5 mace of Brilliance (weapon) {holy, rN+ AC+5 Int+5 SInv Stlth-}
   (You found it on level 3 of the Elven Halls)

   It has been blessed by the Shining One to cause great damage to the undead
   and demons.
   It affects your AC (+5).
   It affects your intelligence (+5).
   It protects you from negative energy.
   It enhances your eyesight.
   It makes you less stealthy.
Armour
 a - the +0 buckler "Ereutia" (worn) {Str+5 Int+2}
   (You acquired it on level 8 of the Lair of Beasts)

   It affects your strength (+5).
   It affects your intelligence (+2).
 t - a +1 helmet of intelligence
 w - the +3 leather armour of a sewer (worn) {+Blink rPois}
   (You found it on level 6 of the Pits of Slime)

   It protects you from poison.
   It lets you blink.
 G - a +2 pair of boots of running (worn)
 O - a +2 pair of gloves of cold resistance (worn)
 T - the +1 ratskin cloak (worn) {rPois rN+ Dex-1 Int-1}
   (You found it on level 6 of the Pits of Slime)

   It affects your intelligence (-1).
   It affects your dexterity (-1).
   It protects you from poison.
   It protects you from negative energy.
 W - the +8 fire dragon armour "Affokh" {+Fly rPois rF++ rC-}
   (You found it on level 4 of the Vaults)

   It greatly protects you from fire.
   It makes you vulnerable to cold.
   It protects you from poison.
   It lets you fly.
Magical devices
 b - a wand of disintegration (6)
 n - a wand of digging (10)
 o - a wand of heal wounds (4)
 I - a wand of digging (17)
 M - a wand of teleportation (5)
 P - a wand of teleportation (5)
Comestibles
 c - 12 bread rations
 f - 18 meat rations
 v - 15 royal jellies
Scrolls
 k - 10 scrolls of fear
 l - 8 scrolls of teleportation
 m - 3 scrolls of blinking
 r - 13 scrolls of magic mapping
 E - a scroll of amnesia
 F - 5 scrolls of enchant armour
 L - 17 scrolls of remove curse
 N - 4 scrolls of fog
 S - 3 scrolls of identify
 U - a scroll of silence
Jewellery
 g - the amulet "Egopt" (around neck) {Ward rN+ MR++}
   (You found it on level 3 of the Elven Halls)

   [amulet of warding]

   It may prevent the melee attacks of summoned creatures.
   It protects you from negative energy.
   It affects your resistance to hostile enchantments.
 h - an uncursed amulet of clarity
 y - the ring of Fein (right hand) {rPois rC++ rN+ MR+ Stlth+}
   (You found it in a labyrinth)

   [ring of stealth]

   It greatly protects you from cold.
   It protects you from poison.
   It protects you from negative energy.
   It affects your resistance to hostile enchantments.
   It makes you more stealthy.
 X - the ring of the Mage (left hand) {Wiz MR++ Int+3}
   (You found it in a labyrinth)

   [ring of wizardry]

   It improves your spell success rate.
   It affects your intelligence (+3).
   It affects your resistance to hostile enchantments.
Potions
 d - 5 potions of restore abilities
 i - 23 potions of curing
 j - 7 potions of agility
 u - 6 potions of brilliance
 z - a potion of haste
 B - 3 potions of magic
 C - 3 potions of resistance
 H - 4 potions of heal wounds
 R - a potion of flight
Books
 K - a Necronomicon {highlevel}

   This book is beyond your current level of understanding.

   Spells                             Type                      Level
   Haunt                              Necromancy/Summoning         7
   Borgnjor's Revivification          Necromancy                   8
   Death's Door                       Charms/Necromancy            8
   Necromutation                      Transmutation/Necromancy     8
 V - a book of Enchantments

   Spells                             Type                      Level
   Tukima's Dance                     Hexes                        3
   Cause Fear                         Hexes                        4
   Silence                            Hexes/Air                    5
   Deflect Missiles                   Charms/Air                   6
   Haste                              Charms                       6
   Discord                            Hexes                        8
Miscellaneous
 p - a stone of tremors
 s - a fan of gales
 x - a phial of floods
 D - an ornate deck of summonings {the Illusion}
 J - a lamp of fire
 Q - a stone of tremors
 Z - a lamp of fire
Rods
 Y - a cursed +3 rod of the swarm (14/14)
   (You took it off a minotaur in a labyrinth)


   Skills:
 + Level 15.7 Fighting
 - Level 8.0 Armour
 - Level 17.0 Dodging
 - Level 4.2 Stealth
 - Level 1.8 Shields
 - Level 22.2 Spellcasting
 - Level 20.0 Conjurations
 - Level 6.0 Charms
 - Level 4.0 Summonings
 - Level 18.4 Fire Magic
 - Level 8.4 Evocations


You had 8 spell levels left.
You knew the following spells:

 Your Spells              Type           Power        Failure   Level  Hunger
a - Flame Tongue          Conj/Fire      #####        0%          1    None
c - Sticky Flame          Conj/Fire      ########     0%          4    None
d - Fireball              Conj/Fire      ########..   0%          5    None
e - Ignite Poison         Fire/Trmt      #######...   1%          5    None
f - Spellforged Servitor  Conj/Summ      #######...   1%          7    None
g - Delayed Fireball      Conj/Fire      N/A          1%          7    None
h - Iskenderun's Battles  Conj/Chrm      #######.     1%          5    None
i - Orb of Destruction    Conj           ########..   1%          7    None
j - Control Teleport      Chrm/Tloc      ######....   1%          4    None
k - Bolt of Fire          Conj/Fire      ########..   1%          6    None
l - Recall                Summ/Tloc      N/A          1%          3    None
m - Fire Storm            Conj/Fire      ########..   2%          9    ###....


Dungeon Overview and Level Annotations

Branches:
Dungeon (14/15)            Temple (1/1) D:7             Orc (4/4) D:11
    Elf (3/3) Orc:4          Lair (8/8) D:8           Swamp (5/5) Lair:6
  Snake (5/5) Lair:3        Slime (6/6) Lair:6       Vaults (5/5) D:14
  Crypt (3/3) Vaults:2       Tomb (1/3) Crypt:3

Altars:
Ashenzari
Cheibriados
Dithmenos
Elyvilon
Fedhas
Gozag
Kikubaaqudgha
Makhleb
Nemelex Xobeh
Okawaru
Qazlal
Sif Muna
Trog
Vehumet
Xom
Yredelemnul
Zin
The Shining One
Jiyva

Shops:
Orc:4 (**?[   Snake:3 *   Snake:5 =   Vaults:1 %   Vaults:4 *

Annotations:
D:3 valor's ghost, average DsTm
Swamp:5 Ququman's ghost, mighty TrMo
Tomb:1 Boris


Innate Abilities, Weirdness & Mutations

You have a pair of small antennae on your head.


Message History

The great blast of fire engulfs the vault guard.
The vault guard is heavily wounded.
The great blast of fire engulfs you!
You are engulfed in roaring flames.
You hear a shout!
The vault guard is engulfed in roaring flames.
The vault guard hits you with a glowing war axe!
* * * LOW HITPOINT WARNING * * *
The sphinx is engulfed in roaring flames.
The sphinx casts a spell.
Something smites you!
* * * LOW HITPOINT WARNING * * *
The tengu reaver is engulfed in roaring flames.
The tengu reaver mumbles some strange words.
The tengu reaver conjures a globe of magical energy!
The tentacled monstrosity is engulfed in roaring flames.
The vault guard is engulfed in roaring flames.
The vault guard hits you with a runed great sword!
* * * LOW HITPOINT WARNING * * *
You are engulfed in roaring flames.
You die...

#.. ...#....#
...C#....#.
...#.......
§§.........
#####§§)))....#
.v§vv§H§.§§v...
..§§§§§pv§vv§§...
..§v§v§p@§§§§§v.v
...§§§*p)vv§§§...
#####§.§)§v§.##
eQ.X§§§....#
..Q§#§[§.#...
...*.#§...# .
)...#c...#
...#....# #..


You could see a tentacled monstrosity, a titan, a sphinx, 2 tengu reavers, 3
vault guards, a deep elf high priest, a yaktaur and 14 friendly fire vortices.

Vanquished Creatures
  the royal jelly (Slime:6)
  An ancient lich (Crypt:3)
  A curse toe (Crypt:3)
  the Lernaean hydra (Swamp:5)
  Margery (Crypt:3)
  Xtahua (Crypt:1)
  2 bone dragons
  Vashnia (Snake:2)
  13 acid blobs
  5 deep elf blademasters (Elf:3)
  2 deep elf master archers (Elf:3)
  3 liches
  A thorn hunter (Swamp:5)
  2 tengu reavers
  4 ancient champions
  5 azure jellies
  2 revenants (Crypt:2)
  5 greater nagas
  A deep elf sorcerer (Elf:3)
  A fire giant (Vaults:4)
  5 vault wardens
  5 ghouls
  5 deep elf demonologists
  2 reapers
  3 stone giants (Vaults:4)
  A war gargoyle (Vaults:5)
  A curse skull (Crypt:1)
  Azrael (Elf:1)
  2 vampire knights (Crypt:2)
  An eidolon (Crypt:1)
  15 jiangshi
  Snorg (Snake:1)
  4 death oozes
  A mummy priest (Tomb:1)
  A fire dragon (Vaults:2)
  3 deep elf death magi
  5 great orbs of eyes
  A minotaur (Lab)
  24 vault guards
  An ice dragon (Lair:7)
  4 ironheart preservers
  2 deep elf high priests (Elf:3)
  A yaktaur captain (Vaults:5)
  25 hydras
  The ghost of Crauler the Fighter, a powerful DsMo (Lair:3)
  2 ravenous item mimics
  3 ghost crabs
  5 naga warriors
  7 anacondas
  3 ogre magi
  3 shambling mangroves (Swamp:4)
  10 death yaks
  3 death knights
  7 alligators
  A deep troll earth mage (Vaults:1)
  A tengu warrior (D:13)
  A titan zombie (Crypt:2)
  A spectral elf (Elf:3)
  An orc high priest (Orc:3)
  2 shock serpents
  14 naga sharpshooters
  6 centaur warriors
  2 soul eaters (Crypt:2)
  A very ugly thing (Vaults:1)
  Nergalle (D:12)
  A fire crab (shapeshifter) (Elf:3)
  8 spriggans
  3 vampire magi
  8 deep elf knights
  A titan skeleton (Crypt:1)
  A hell knight (Vaults:4)
  A fire crab (Vaults:4)
  3 large abominations (Elf:2)
  A salamander mystic (Snake:5)
  2 ice devils (IceCv)
  A sea snake (Snake:2)
  A shadow wraith (Vaults:1)
  19 skeletal warriors
  8 deep trolls
  A spectral anaconda (Crypt:2)
  6 deep elf summoners
  2 unseen horrors
  3 ice statues
  9 deep elf conjurers
  Erolcha (D:8)
  8 swamp dragons
  3 naga ritualists
  Pikel (D:5)
  5 ironbrand convokers
  6 necromancers
  A hill giant (D:14)
  2 wizards
  6 orc knights
  A flayed ghost (Crypt:3)
  3 cyclopes
  3 wolf spiders
  A harpy (shapeshifter) (D:11)
  3 shining eyes
  4 orc sorcerers
  2 phantasmal warriors
  6 griffons
  4 mana vipers
  A salamander (shapeshifter) (Vaults:3)
  2 salamanders (Snake:1)
  A sphinx skeleton (Crypt:3)
  9 guardian serpents
  28 black mambas
  9 elephants
  7 red wasps
  A storm dragon simulacrum (Crypt:1)
  2 manticores
  A gargoyle (D:11)
  A smoke demon (Tomb:1)
  A feature mimic (D:12)
  An item mimic (D:10)
  26 spiny frogs
  10 vault sentinels
  18 naga magi
  A naga skeleton (Snake:4)
  A kobold demonologist (Vaults:2)
  6 deep elf priests
  8 komodo dragons
  A jumping spider (Vaults:4)
  11 yaktaurs
  A wandering mushroom (Lair:8)
  A centaur skeleton (D:8)
  A tengu conjurer (Vaults:1)
  6 polar bears (Lair:8)
  2 fire drakes
  An iron troll skeleton (Crypt:2)
  2 two-headed ogres
  A mana viper skeleton (Crypt:2)
  13 freezing wraiths
  A merfolk (Snake:3)
  A water elemental (Crypt:3)
  8 blue devils (IceCv)
  8 giant leeches
  A minotaur skeleton (Lab)
  A silent spectre (Vaults:2)
  Prince Ribbit (D:4)
  3 baby alligators
  A boulder beetle (Lair:7)
  24 blink frogs
  18 ravens
  A death drake skeleton (Crypt:2)
  70 slime creatures
  11 bog bodies
  27 brown oozes
  3 tarantellas
  3 vampires
  6 flying skulls
  2 basilisks
  2 human skeletons (Vaults:1)
  5 wraiths
  16 ugly things
  41 yaks
  6 redbacks
  6 wyverns
  4 shadows
  3 hungry ghosts
  2 fire elementals (Elf:1)
  5 sharks
  A satyr skeleton (Crypt:2)
  15 deep elf magi
  9 hogs (Lair:8)
  20 golden eyes
  A human (D:12)
  A human (shapeshifter) (D:13)
  A hill giant skeleton (D:11)
  17 deep elf fighters
  11 hippogriffs
  17 vampire mosquitoes
  An ogre zombie (Vaults:1)
  10 wargs
  34 nagas
  An infernal demonspawn zombie (Crypt:3)
  32 swamp worms
  26 wolves
  6 hell hounds
  36 water moccasins
  A water nymph skeleton (Crypt:2)
  A faun skeleton (Crypt:3)
  9 porcupines
  4 small abominations (Elf:2)
  11 swamp drakes
  2 mottled dragons (Vaults:1)
  27 orc warriors
  2 sky beasts
  2 necrophages
  A slave (D:5)
  8 black bears
  A mermaid zombie (Crypt:3)
  6 spiders
  2 ice beasts (D:9)
  16 centaurs
  4 phantoms
  20 crocodiles
  14 ogres
  14 yellow wasps
  Duvessa (D:4)
  4 big kobolds
  14 giant frogs
  A lost soul (Crypt:1)
  A spiny frog simulacrum (Crypt:1)
  2 scorpions
  A tengu zombie (D:11)
  33 insubstantial wisps
  A boulder beetle zombie (Orc:3)
  A polar bear zombie (Crypt:1)
  A human simulacrum (Vaults:1)
  2 troll zombies
  A spriggan skeleton (Lab)
  A troll skeleton (Lab)
  7 eyes of draining
  5 killer bees (Lab)
  5 electric eels
  4 wights
  Dowan (D:4)
  3 crimson imps
  A goliath beetle (D:8)
  22 hounds
  8 big fish
  A boring beetle zombie (Crypt:3)
  A giant frog zombie (D:10)
  25 orc wizards
  A formicid zombie (Crypt:3)
  4 iguanas
  11 jellies
  17 orc priests
  5 worker ants
  3 giant frog skeletons
  An orange rat (Elf:1)
  37 sheep
  An ogre skeleton (D:9)
  A mottled dragon zombie (D:13)
  A big kobold skeleton (D:5)
  A dwarf zombie (Crypt:2)
  A hound zombie (D:7)
  A hound skeleton (D:4)
  4 gnolls (D:7)
  38 green rats
  41 adders
  2 shadow imps
  A worm zombie (Crypt:1)
  12 white imps
  13 worms
  A giant mite (D:4)
  2 ufetubi (IceCv)
  5 giant geckos
  2 oozes
  107 orcs
  4 ball pythons
  10 bats
  2 giant cockroaches
  17 goblins
  14 hobgoblins
  12 quokkas
  A giant cockroach zombie (Crypt:3)
  6 giant newts
  A giant spore (D:11)
  A goblin skeleton (Crypt:1)
  A goblin zombie (D:11)
  2 hobgoblin skeletons
  A hobgoblin zombie (D:6)
  23 jackals
  46 kobolds
  4 orc skeletons
  18 orc zombies
  11 rats
  3 ballistomycetes (D:11)
  13 bushes
  A crawling corpse (Elf:1)
  14 fungi
  9 plants
1893 creatures vanquished.

Vanquished Creatures (collateral kills)
  Mennas (Crypt:3)
  Frederick (Crypt:1)
  A lich (Vaults:4)
  10 acid blobs (Slime:6)
  2 ancient champions
  10 azure jellies (Slime:6)
  2 frost giants (Vaults:4)
  4 deep elf sorcerers (Elf:3)
  4 greater nagas
  A vault warden (Vaults:4)
  6 ghouls
  4 stone giants
  5 deep elf annihilators (Elf:3)
  2 vampire knights
  4 deep elf demonologists
  An ettin (Vaults:4)
  A mummy priest (Tomb:1)
  A spellforged servitor (Snake:5)
  6 deep elf death magi
  3 jiangshi
  6 death oozes (Slime:6)
  A fire dragon (Vaults:1)
  Josephine (D:11)
  A vault guard (Vaults:5)
  3 yaktaur captains
  2 ironheart preservers
  A great orb of eyes (Vaults:4)
  8 naga warriors
  A deep troll earth mage (Vaults:2)
  2 spectral elves (Elf:3)
  A quicksilver dragon skeleton (Tomb:1)
  2 anacondas
  A hydra (Lair:8)
  2 ogre magi
  6 naga sharpshooters
  A shock serpent (Snake:1)
  A very ugly thing (Vaults:3)
  A fire crab (shapeshifter) (Vaults:2)
  2 soul eaters
  A shadow wraith (Crypt:1)
  2 centaur warriors
  2 flayed ghosts
  3 deep trolls
  A fire crab (Vaults:4)
  14 deep elf knights
  6 deep elf summoners
  A giant orange brain (Slime:6)
  19 skeletal warriors
  2 large abominations (Elf:2)
  A hellion (Crypt:3)
  2 naga ritualists
  A necromancer (Crypt:3)
  5 ironbrand convokers
  A hill giant (D:11)
  2 wolf spiders
  2 mana vipers
  4 orc knights
  8 deep elf conjurers
  A griffon (Vaults:4)
  A shadow dragon skeleton (Crypt:1)
  3 phantasmal warriors
  5 salamanders
  A red wasp (shapeshifter) (Vaults:2)
  7 guardian serpents (Snake:5)
  11 black mambas
  A sixfirhy (Elf:3)
  3 vault sentinels
  10 naga magi
  12 yaktaurs
  A kobold demonologist (D:11)
  A blue devil (Elf:3)
  6 deep elf priests
  2 jumping spiders (Elf:1)
  A red draconian skeleton (Crypt:1)
  2 two-headed ogres
  A troll (Orc:4)
  A troll (shapeshifter) (Vaults:4)
  A baby alligator (shapeshifter) (Vaults:2)
  17 slime creatures
  5 freezing wraiths
  A bog body (Crypt:3)
  2 ravens (D:13)
  3 boulder beetles
  A vampire (Crypt:1)
  A fire dragon zombie (Crypt:1)
  3 wraiths
  3 flying skulls
  10 brown oozes (Slime:6)
  2 golden eyes (Slime:6)
  A satyr skeleton (Crypt:1)
  14 deep elf magi
  2 shadows
  17 deep elf fighters
  A neqoxec (Elf:1)
  4 hungry ghosts
  A hill giant zombie (D:11)
  An ugly thing (Vaults:4)
  A queen ant zombie (Crypt:2)
  4 vampire mosquitoes
  A monstrous demonspawn zombie (Crypt:3)
  A hill giant skeleton (D:13)
  7 water moccasins
  36 nagas
  A soldier ant (shapeshifter) (Vaults:4)
  18 orc warriors
  A sky beast (D:11)
  4 small abominations
  An infernal demonspawn skeleton (Crypt:3)
  3 ice beasts
  A manticore zombie (Crypt:1)
  7 ogres
  A phantom (D:14)
  2 necrophages
  An ogre (shapeshifter) (Elf:3)
  A blink frog skeleton (Crypt:1)
  5 centaurs (Orc:4)
  2 lost souls (Elf:3)
  A giant frog (D:11)
  A big kobold (Snake:4)
  A draconian zombie (Crypt:1)
  A cyclops skeleton (D:11)
  2 eyes of draining (Slime:6)
  A yak skeleton (D:9)
  2 wights
  A spriggan skeleton (Crypt:3)
  A giant frog zombie (D:11)
  2 giant frog skeletons (D:11)
  4 jellies (Slime:6)
  A demonspawn skeleton (Crypt:3)
  2 orc priests
  5 orange rats
  3 orc wizards
  An iguana (D:11)
  A worker ant (D:11)
  6 ogre zombies (D:11)
  2 mummies
  An orange rat skeleton (Crypt:1)
  A halfling zombie (Crypt:2)
  34 orcs
  A giant gecko zombie (Crypt:2)
  A goblin (Orc:4)
  4 goblin skeletons (D:11)
  A goblin zombie (D:11)
  A green rat skeleton (Crypt:2)
  5 orc skeletons
  11 orc zombies (D:11)
  2 crawling corpses
  2 fungi
549 creatures vanquished.

Vanquished Creatures (others)
  An acid blob (Slime:6)
  3 azure jellies (Slime:6)
  23 spellforged servitors
  A hell knight (Crypt:3)
  9 slime creatures (Slime:6)
  A black mamba (Snake:4)
  A guardian serpent (Snake:5)
  A water elemental (Crypt:3)
  111 fire vortices
  3 brown oozes (Slime:6)
  2 air elementals
  A naga (Snake:3)
  A centaur (D:6)
  3 lost souls
  4 killer bees (Snake:4)
  A jelly (Slime:6)
  A hound (D:6)
  2 white imps (IceCv)
  4 ufetubi (IceCv)
  2 jackals (D:6)
  A bush (Lair:6)
  A crawling corpse (Elf:3)
  16 fungi
  8 plants
201 creatures vanquished.

Grand Total: 2643 creatures vanquished

Notes
Turn   | Place    | Note
--------------------------------------------------------------
     0 | D:1      | AvylaarBelgium, the Deep Elf Fire Elementalist, began the quest for the Orb.
     0 | D:1      | Reached XP level 1. HP: 10/10 MP: 5/5
   138 | D:1      | Reached XP level 2. HP: 10/15 MP: 1/8
   527 | D:1      | Reached skill level 4 in Fire Magic
   870 | D:2      | Reached XP level 3. HP: 11/19 MP: 4/11
  1331 | D:2      | Reached XP level 4. HP: 24/24 MP: 13/15
  1335 | D:2      | Learned a level 2 spell: Throw Flame
  1340 | D:2      | Learned a level 4 spell: Sticky Flame
  1760 | D:2      | Found a sparkling altar of Nemelex Xobeh.
  1931 | D:3      | Noticed valor's ghost (average DsTm)
  2351 | D:4      | Noticed an ogre
  2357 | D:4      | Killed an ogre
  2357 | D:4      | Reached skill level 5 in Spellcasting
  2357 | D:4      | Reached skill level 5 in Fire Magic
  2357 | D:4      | Reached XP level 5. HP: 18/28 MP: 6/19
  2419 | D:4      | Noticed Dowan
  2457 | D:4      | Noticed a phantom
  2555 | D:4      | Noticed Prince Ribbit
  2629 | D:4      | Killed Prince Ribbit
  2629 | D:4      | Reached skill level 6 in Spellcasting
  2629 | D:4      | Reached XP level 6. HP: 32/32 MP: 2/22
  2680 | D:4      | Found a glowing drain.
  2685 | Sewer    | Entered a sewer
  3491 | D:4      | Noticed Duvessa
  3500 | D:4      | Killed Duvessa
  3500 | D:4      | Reached XP level 7. HP: 36/36 MP: 13/24
  3525 | D:5      | Entered Level 5 of the Dungeon
  3680 | D:6      | Noticed Pikel
  3934 | D:4      | Killed a phantom
  3934 | D:4      | Reached skill level 5 in Conjurations
  4153 | D:4      | Killed Dowan
  4153 | D:4      | Reached skill level 7 in Spellcasting
  4530 | D:5      | Killed Pikel
  4530 | D:5      | Reached skill level 8 in Spellcasting
  4530 | D:5      | Reached XP level 8. HP: 23/41 MP: 23/27
  4583 | D:6      | Found a bloodstained altar of Trog.
  4625 | D:6      | Found a shimmering altar of Xom.
  4625 | D:6      | Found a basalt altar of Yredelemnul.
  5404 | D:7      | Reached skill level 9 in Spellcasting
  5681 | D:7      | HP: 2/41 [orc warrior/trident (15)]
  6108 | D:7      | Found a staircase to the Ecumenical Temple.
  6111 | D:7      | Reached XP level 9. HP: 45/45 MP: 25/29
  6128 | Temple   | Entered the Ecumenical Temple
  6782 | D:8      | Found a staircase to the Lair.
  7022 | D:8      | Reached skill level 10 in Spellcasting
  7375 | D:8      | Learned a level 5 spell: Fireball
  7483 | D:8      | Found a radiant altar of Vehumet.
  7485 | D:8      | Found a burning altar of Makhleb.
  7498 | D:8      | Became a worshipper of Vehumet
  7585 | D:8      | Noticed a centaur skeleton
  7596 | D:8      | Killed a centaur skeleton
  7609 | D:8      | Noticed Erolcha
  7612 | D:8      | Killed Erolcha
  7612 | D:8      | Reached skill level 5 in Dodging
  7840 | D:8      | Found a snail-covered altar of Cheibriados.
  7860 | D:8      | Reached XP level 10. HP: 50/50 MP: 27/31
  8250 | D:8      | Acquired Vehumet's first power
  8250 | D:8      | Offered knowledge of Shock by Vehumet.
  8280 | Lair:1   | Entered Level 1 of the Lair of Beasts
  8330 | Lair:1   | Found a frozen archway.
  8363 | IceCv    | Entered an ice cave
  8475 | IceCv    | Noticed an ice statue
  8475 | IceCv    | Noticed an ice statue
  8481 | IceCv    | Killed an ice statue
  8586 | IceCv    | Killed an ice statue
  8586 | IceCv    | Reached skill level 10 in Conjurations
  8704 | IceCv    | Reached skill level 10 in Fire Magic
  8938 | IceCv    | Reached skill level 11 in Spellcasting
  9093 | IceCv    | Noticed an ice devil
  9096 | IceCv    | Noticed an ice devil
  9097 | IceCv    | Killed an ice devil
  9277 | IceCv    | Killed an ice devil
  9277 | IceCv    | Offered knowledge of Freeze by Vehumet.
  9520 | IceCv    | Reached XP level 11. HP: 54/54 MP: 17/33
  9920 | Lair:1   | Reached skill level 12 in Spellcasting
 10862 | Lair:3   | Noticed Crauler's ghost (powerful DsMo)
 11287 | Lair:2   | Offered knowledge of Mephitic Cloud by Vehumet.
 11472 | Lair:2   | Acquired Vehumet's second power
 11937 | Lair:3   | Reached skill level 13 in Spellcasting
 11941 | Lair:3   | Offered knowledge of Olgreb's Toxic Radiance by Vehumet.
 12552 | Lair:4   | Reached skill level 1 in Shields
 12797 | Lair:4   | Acquired Vehumet's third power
 12886 | Lair:4   | Reached XP level 12. HP: 59/59 MP: 24/35
 13120 | Lair:5   | Noticed an eight-headed hydra
 13127 | Lair:5   | Killed an eight-headed hydra
 13227 | Lair:5   | Got a pitted ring mail
 13229 | Lair:5   | Identified the +5 ring mail "Lieshrep" {Int+4 Curse} (You found it on level 5 of the Lair of Beasts)
 13726 | Lair:5   | Offered knowledge of Ignite Poison by Vehumet.
 13735 | Lair:5   | Learned a level 5 spell: Ignite Poison
 14038 | Lair:6   | Reached skill level 1 in Fighting
 14234 | Lair:6   | Found a staircase to the Swamp.
 14235 | Lair:6   | Reached skill level 14 in Spellcasting
 14275 | Lair:6   | Found a staircase to the Slime Pits.
 14764 | Lair:7   | Found a labyrinth entrance.
 14773 | Lab      | Entered a labyrinth
 14884 | Lab      | Noticed a minotaur
 15117 | Lab      | Killed a minotaur
 15166 | Lab      | Got a faintly glowing pewter ring
 15166 | Lab      | Identified the Grimoire of Moulding (You found it in a labyrinth)
 15167 | Lab      | Got an encrusted trident
 15170 | Lab      | Identified the ring of Fein {rPois rC++ rN+ MR+ Stlth+} (You found it in a labyrinth)
 15172 | Lab      | Identified the +2,+3 trident "Ynohugh" {holy, +Inv rElec rPois MR+} (You found it in a labyrinth)
 15179 | Lab      | Got a pair of steaming boots
 15183 | Lab      | Identified the cursed -3 pair of boots "Buasyghy" {Str+1} (You found it in a labyrinth)
 15910 | Lair:7   | Noticed an ice dragon
 15914 | Lair:7   | Killed an ice dragon
 15914 | Lair:7   | Reached skill level 1 in Armour
 16047 | Lair:8   | Entered Level 8 of the Lair of Beasts
 16051 | Lair:8   | Offered knowledge of Venom Bolt by Vehumet.
 16077 | Lair:8   | Learned a level 5 spell: Venom Bolt
 16142 | Lair:8   | Reached XP level 13. HP: 70/70 MP: 4/37
 16303 | Lair:8   | Identified a scroll of acquirement
 16807 | Lair:8   | Reached skill level 5 in Fighting
 17502 | Lair:8   | Reached skill level 5 in Armour
 18453 | Lair:8   | Offered knowledge of Delayed Fireball by Vehumet.
 18571 | Lair:7   | Reached XP level 14. HP: 59/83 MP: 5/38
 18591 | Lair:8   | Learned a level 7 spell: Delayed Fireball
 18845 | Lair:8   | Got a distressingly furry buckler
 18851 | Lair:8   | Identified the +0 buckler "Ereutia" {Str+5 Int+2} (You acquired it on level 8 of the Lair of Beasts)
 20107 | Lair:8   | Offered knowledge of Iskenderun's Battlesphere by Vehumet.
 20114 | Lair:8   | Learned a level 5 spell: Iskenderun's Battlesphere
 20364 | Lair:7   | Upgraded the game from 0.15-a0-1506-g1b030bc to 0.15-a0-1537-ge1f089e
 20668 | Lair:7   | Reached skill level 15 in Spellcasting
 21034 | Swamp:1  | Entered Level 1 of the Swamp
 21557 | Swamp:1  | Got a steaming ring mail
 22665 | Swamp:1  | Offered knowledge of Bolt of Magma by Vehumet.
 22680 | Swamp:1  | Learned a level 5 spell: Bolt of Magma
 22834 | Swamp:2  | Reached XP level 15. HP: 88/88 MP: 28/39
 22859 | Swamp:2  | Identified the cursed -5 ring mail of the Tarantula {Dex-2 Int+4} (You found it on level 1 of the Swamp)
 22944 | Swamp:2  | Learned a level 4 spell: Control Teleport
 23341 | Swamp:3  | Reached skill level 16 in Spellcasting
 23785 | Swamp:3  | Reached skill level 15 in Conjurations
 24118 | Swamp:3  | Reached skill level 15 in Fire Magic
 24875 | Swamp:5  | Entered Level 5 of the Swamp
 25203 | Swamp:5  | Noticed a thorn hunter
 25205 | Swamp:5  | Killed a thorn hunter
 25205 | Swamp:5  | Reached skill level 10 in Dodging
 25221 | Swamp:5  | Noticed Ququman's ghost (mighty TrMo)
 26576 | Swamp:5  | Reached XP level 16. HP: 92/97 MP: 33/40
 26578 | Swamp:5  | Offered knowledge of Bolt of Fire by Vehumet.
 26578 | Swamp:5  | Reached skill level 10 in Fighting
 26590 | Swamp:5  | Learned a level 6 spell: Bolt of Fire
 26736 | Swamp:5  | Noticed the 27-headed Lernaean hydra
 26740 | Swamp:5  | Killed the 27-headed Lernaean hydra
 26760 | Swamp:5  | Got a decaying rune of Zot
 27646 | Slime:1  | Entered Level 1 of the Pits of Slime
 27649 | Slime:1  | Reached skill level 1 in Evocations
 27768 | Slime:1  | Noticed an acid blob
 28032 | Slime:1  | Killed an acid blob
 28032 | Slime:1  | Reached skill level 17 in Spellcasting
 28376 | Slime:1  | You fall through a shaft!
 28382 | Slime:2  | Offered knowledge of Spellforged Servitor by Vehumet.
 28403 | Slime:1  | Learned a level 7 spell: Spellforged Servitor
 28618 | Slime:2  | Noticed an acid blob
 28620 | Slime:2  | Killed an acid blob
 28641 | Slime:2  | Noticed an acid blob
 28811 | Slime:2  | Killed an acid blob
 30063 | Slime:5  | Noticed an acid blob
 30065 | Slime:5  | Killed an acid blob
 30070 | Slime:5  | Noticed an acid blob
 30401 | Slime:4  | Noticed an acid blob
 30405 | Slime:4  | Killed an acid blob
 30588 | Slime:5  | Killed an acid blob
 31022 | Slime:6  | Entered Level 6 of the Pits of Slime
 31022 | Slime:6  | Noticed an acid blob
 31024 | Slime:6  | Killed an acid blob
 31026 | Slime:6  | Noticed an acid blob
 31028 | Slime:6  | Killed an acid blob
 31029 | Slime:6  | Noticed an acid blob
 31183 | Slime:6  | Noticed an acid blob
 31186 | Slime:6  | Killed an acid blob
 31186 | Slime:6  | Reached XP level 17. HP: 103/103 MP: 31/41
 31189 | Slime:6  | Noticed an acid blob
 31189 | Slime:6  | Noticed an acid blob
 31191 | Slime:6  | Killed an acid blob
 31193 | Slime:6  | Killed an acid blob
 31201 | Slime:6  | Offered knowledge of Orb of Destruction by Vehumet.
 31209 | Slime:6  | Noticed an acid blob
 31213 | Slime:6  | Killed an acid blob
 31224 | Slime:6  | Noticed an acid blob
 31398 | Slime:6  | Killed an acid blob
 31399 | Slime:6  | Noticed an acid blob
 31499 | Slime:6  | Killed an acid blob
 31741 | Slime:6  | Noticed the royal jelly
 31927 | Slime:6  | Killed an acid blob
 32124 | Slime:6  | Learned a level 7 spell: Orb of Destruction
 32202 | Slime:6  | Reached skill level 18 in Spellcasting
 32336 | Slime:6  | Found a viscous altar of Jiyva.
 32397 | Slime:6  | Killed the royal jelly
 32705 | Slime:6  | Got a pair of faintly glowing gloves
 32709 | Slime:6  | Identified the cursed -4 pair of gloves of Dyjerphi {Dex-2} (You found it on level 6 of the Pits of Slime)
 32752 | Slime:6  | Got a wavering marble ring
 32754 | Slime:6  | Identified the ring "Wooklan" {rF+ Str+3} (You found it on level 6 of the Pits of Slime)
 32781 | Slime:6  | Identified a +0 pair of boots of running (You found it on level 6 of the Pits of Slime)
 32783 | Slime:6  | Got a transparent cutlass
 32791 | Slime:6  | Got a warped cutlass
 32798 | Slime:6  | Identified the +7 cutlass of Equivalence {freeze, rN+ MR+} (You found it on level 6 of the Pits of Slime)
 32799 | Slime:6  | Identified the +4 cutlass "Jeumune Boups" {drain, *Tele +Blink Str+2} (You found it on level 6 of the Pits of Slime)
 32872 | Slime:6  | Got a slimy rune of Zot
 32874 | Slime:6  | Got a crude lapis lazuli ring
 32879 | Slime:6  | Identified the ring of Mieguag {Fire -Tele rPois Stlth+} (You found it on level 6 of the Pits of Slime)
 32899 | Slime:6  | Got a citrine-encrusted leather armour
 32936 | Slime:6  | Identified the cursed +3 leather armour of a sewer {+Blink rPois} (You found it on level 6 of the Pits of Slime)
 33062 | Slime:6  | Learned a level 3 spell: Recall
 33240 | Lair:4   | You fall through a shaft!
 33601 | Lair:3   | Found a staircase to the Snake Pit.
 33617 | Snake:1  | Entered Level 1 of the Snake Pit
 33911 | Snake:2  | Noticed Vashnia
 33914 | Snake:2  | Killed Vashnia
 34265 | Snake:1  | Reached skill level 5 in Evocations
 34486 | Snake:1  | Noticed Snorg
 34489 | Snake:1  | Killed Snorg
 34995 | Snake:2  | Found a burning altar of Makhleb.
 36163 | Snake:3  | Reached XP level 18. HP: 112/112 MP: 37/42
 36224 | Snake:3  | Found Rioc's General Store.
 36235 | Snake:3  | Bought a plain deck of wonders for 140 gold pieces
 36540 | Snake:3  | Your ally Luqaenaq died
 37651 | Snake:5  | Entered Level 5 of the Snake Pit
 37653 | Snake:5  | Offered knowledge of Lehudib's Crystal Spear by Vehumet.
 37653 | Snake:5  | Offered knowledge of Fire Storm by Vehumet.
 37653 | Snake:5  | Offered knowledge of Tornado by Vehumet.
 38107 | Snake:5  | Found Daqutina's Jewellery Shoppe.
 39440 | Snake:5  | Reached skill level 19 in Spellcasting
 39651 | Snake:5  | Got a serpentine rune of Zot
 40147 | Lair:3   | Killed Crauler's ghost
 41053 | D:9      | Got a pair of heavily runed gloves
 41057 | D:9      | Identified the -4 pair of gloves of Oblivion {rElec Str+4 Dex+2 Int-1} (You acquired it on level 9 of the Dungeon)
 41273 | D:9      | Found a shadowy altar of Dithmenos.
 41326 | D:10     | Entered Level 10 of the Dungeon
 41581 | D:11     | Noticed Josephine
 41583 | D:11     | Killed Josephine
 42039 | D:11     | Found a staircase to the Orcish Mines.
 42294 | Orc:1    | Entered Level 1 of the Orcish Mines
 43546 | Orc:4    | Entered Level 4 of the Orcish Mines
 43580 | Orc:4    | Found a staircase to the Elven Halls.
 44353 | Orc:4    | Found Ohousing's Assorted Antiques.
 44353 | Orc:4    | Found Xohideon's General Store.
 44356 | Orc:4    | Found Figeciod's Weapon Shop.
 44358 | Orc:4    | Found Xaeziewk's Magic Scroll Shoppe.
 44362 | Orc:4    | Bought a scroll of identify for 76 gold pieces
 44362 | Orc:4    | Bought a scroll of identify for 76 gold pieces
 44372 | Orc:4    | Bought a scroll of identify for 28 gold pieces
 44372 | Orc:4    | Bought a scroll of identify for 28 gold pieces
 44372 | Orc:4    | Bought a scroll of identify for 28 gold pieces
 44382 | Orc:4    | Identified a +3 rod of the swarm (14/14) (You took it off a minotaur in a labyrinth)
 44390 | Orc:4    | Bought a scroll of amnesia for 49 gold pieces
 44390 | Orc:4    | Bought a scroll of remove curse for 42 gold pieces
 44390 | Orc:4    | Bought a scroll of teleportation for 42 gold pieces
 44498 | Orc:4    | Found Xeraun's Armour Emporium.
 45004 | Elf:1    | Entered Level 1 of the Elven Halls
 45026 | Elf:1    | Reached XP level 19. HP: 83/117 MP: 14/44
 45233 | Elf:1    | Reached skill level 20 in Spellcasting
 45242 | Elf:1    | Noticed a Brimstone Fiend
 45827 | Elf:1    | Noticed Azrael
 45830 | Elf:1    | Killed Azrael
 46583 | Elf:2    | Reached skill level 21 in Spellcasting
 46642 | Elf:2    | Gained mutation: You have a pair of small antennae on your head. [potion of beneficial mutation]
 47481 | Elf:3    | Entered Level 3 of the Elven Halls
 48822 | Elf:3    | Got a glittering bone amulet
 48825 | Elf:3    | Got a steaming long sword
 48826 | Elf:3    | Identified the +3 long sword of Ughets {drain, rPois Str+2} (You found it on level 3 of the Elven Halls)
 48828 | Elf:3    | Identified the amulet "Egopt" {Ward rN+ MR++} (You found it on level 3 of the Elven Halls)
 49201 | Elf:3    | Got an encrusted long sword
 49441 | Elf:3    | Identified the +6 long sword "Orb Guardian's Doom" {venom, MR+ SInv} (You took it off a deep elf fighter on level 3 of the Elven Halls)
 49444 | Elf:3    | Got an encrusted chain mail
 49457 | Elf:3    | Identified the +1 chain mail of the Nine Lies {Int+1 Stlth--} (You found it on level 3 of the Elven Halls)
 49596 | Elf:3    | Got a polished crossbow
 49600 | Elf:3    | Identified the +10 crossbow of Pnun {venom, Dex+4} (You found it on level 3 of the Elven Halls)
 49717 | Elf:3    | Got a faintly glowing wooden ring
 49720 | Elf:3    | Identified the ring of Ycufino {MP+9 Slay+4} (You found it on level 3 of the Elven Halls)
 49765 | Elf:3    | Identified the Almanac of Calling and the Rocks (You found it on level 3 of the Elven Halls)
 49766 | Elf:3    | Upgraded the game from 0.15-a0-1537-ge1f089e to 0.15-a0-1549-gb42009b
 49777 | Elf:3    | Got an ichor-stained helmet
 49843 | Elf:3    | Identified the +1 helmet "Ehoidwosch" {Str+3 Int+1} (You found it on level 3 of the Elven Halls)
 49885 | Elf:3    | Learned a level 9 spell: Fire Storm
 50207 | Orc:4    | Bought 2 potions of curing for 52 gold pieces
 50207 | Orc:4    | Bought a scroll of enchant armour for 97 gold pieces
 50207 | Orc:4    | Bought a scroll of teleportation for 39 gold pieces
 50213 | Orc:4    | Bought a scroll of amnesia for 133 gold pieces
 50216 | Orc:4    | Bought a scroll of identify for 28 gold pieces
 50412 | D:12     | Found a blossoming altar of Fedhas.
 50634 | D:12     | Noticed Nergalle
 50637 | D:12     | Killed Nergalle
 51232 | D:13     | Found a flickering gateway to a bazaar.
 51311 | Bazaar   | Entered a bazaar
 51325 | Bazaar   | Found Klyoh's Antique Weapon Emporium.
 51347 | Bazaar   | Found Oceteuq's Antique Weapon Shoppe.
 51369 | Bazaar   | Found Ghaliw's Weapon Emporium.
 51385 | Bazaar   | Found Saupip's Magic Scroll Emporium.
 51385 | Bazaar   | Found Batwuggu's Armour Shoppe.
 51397 | Bazaar   | Bought a scroll of remove curse for 30 gold pieces
 51397 | Bazaar   | Bought a scroll of fear for 35 gold pieces
 51397 | Bazaar   | Bought a scroll of teleportation for 30 gold pieces
 51397 | Bazaar   | Bought a scroll of blinking for 75 gold pieces
 51397 | Bazaar   | Bought a scroll of identify for 20 gold pieces
 51397 | Bazaar   | Bought a scroll of magic mapping for 35 gold pieces
 52259 | D:14     | Reached XP level 20. HP: 123/123 MP: 9/45
 52816 | D:14     | Found a gate to the Vaults.
 52822 | Vaults:1 | Entered Level 1 of the Vaults
 52850 | Vaults:1 | Found Xahesk's Food Shop.
 52868 | Vaults:1 | Bought a meat ration for 50 gold pieces
 52868 | Vaults:1 | Bought a meat ration for 50 gold pieces
 52868 | Vaults:1 | Bought a meat ration for 50 gold pieces
 52868 | Vaults:1 | Bought a royal jelly for 20 gold pieces
 53568 | Vaults:1 | Found a radiant altar of Vehumet.
 55089 | Vaults:2 | Found a staircase to the Crypt.
 55095 | Crypt:1  | Entered Level 1 of the Crypt
 55129 | Crypt:1  | Noticed Frederick
 55134 | Crypt:1  | Killed Frederick
 55205 | Crypt:1  | Got a jewelled chain mail
 55212 | Crypt:1  | Identified the cursed -1 chain mail "Buish" {rC+} (You found it on level 1 of the Crypt)
 55713 | Crypt:1  | Noticed Xtahua
 55727 | Crypt:1  | Killed Xtahua
 56763 | Crypt:2  | Reached XP level 21. HP: 131/131 MP: 31/46
 57443 | Crypt:3  | Entered Level 3 of the Crypt
 57752 | Crypt:3  | Reached XP level 22. HP: 138/138 MP: 21/46
 57837 | Crypt:3  | Noticed Mennas
 57841 | Crypt:3  | Killed Mennas
 58018 | Crypt:3  | Noticed a curse toe
 58022 | Crypt:3  | Killed a curse toe
 58287 | Crypt:3  | Reached skill level 15 in Dodging
 58453 | Crypt:3  | Found a staircase to the Tomb.
 58847 | Crypt:3  | Noticed Margery
 58856 | Crypt:3  | Killed Margery
 59147 | Crypt:3  | Reached skill level 15 in Fighting
 59237 | Crypt:3  | Noticed an ancient lich
 59354 | Crypt:3  | Killed an ancient lich
 59870 | Tomb:1   | Entered Level 1 of the Tomb of the Ancients
 59966 | Tomb:1   | Noticed Boris
 60386 | Vaults:2 | Got a twisted spear
 60387 | Vaults:2 | Identified the +6 spear "Caos" {freeze, *Tele +Fly rF+} (You found it on level 2 of the Vaults)
 61799 | Vaults:4 | Reached skill level 22 in Spellcasting
 61872 | Vaults:4 | Got a faintly glowing fire dragon armour
 61878 | Vaults:4 | Identified the cursed +8 fire dragon armour "Affokh" {+Fly rPois rF++ rC-} (You found it on level 4 of the Vaults)
 61947 | Vaults:4 | Found Nifucux's General Store.
 61955 | Vaults:4 | Bought a scroll of identify for 26 gold pieces
 61955 | Vaults:4 | Bought a potion of agility for 32 gold pieces
 62308 | Vaults:4 | Reached skill level 1 in Charms
 62323 | Vaults:4 | Reached XP level 23. HP: 133/144 MP: 23/47
 63277 | Vaults:5 | Entered Level 5 of the Vaults
 63278 | Vaults:5 | Reached skill level 5 in Charms
 63284 | Vaults:5 | Engulfed by their own flame

Action                   |  1- 3 |  4- 6 |  7- 9 | 10-12 | 13-15 | 16-18 | 19-21 | 22-24 || total
-------------------------+-------+-------+-------+-------+-------+-------+-------+-------++-------
Melee: Unarmed           |     2 |       |       |       |       |     1 |       |       ||     3
       Hand axe          |    15 |    24 |    60 |     4 |       |       |       |       ||   103
       Dagger            |     3 |       |       |       |       |       |       |       ||     3
       Lance             |       |       |       |   115 |    71 |    96 |    63 |       ||   345
       Staff             |       |       |       |       |     8 |     1 |       |       ||     9
Throw: Stone             |     5 |    22 |     1 |     3 |       |       |       |       ||    31
       Javelin           |       |       |     5 |       |       |       |       |       ||     5
       Tomahawk          |       |       |     2 |       |       |       |       |       ||     2
 Cast: Flame Tongue      |    51 |    64 |   123 |    59 |   122 |    17 |     7 |       ||   443
       Throw Flame       |       |    31 |    69 |     2 |     2 |     6 |     3 |       ||   113
       Sticky Flame      |       |     4 |    40 |    77 |   147 |    56 |    24 |     4 ||   352
       Fireball          |       |       |     7 |   200 |   308 |   325 |   167 |    19 ||  1026
       Ignite Poison     |       |       |       |     3 |    24 |    11 |       |     5 ||    43
       Venom Bolt        |       |       |       |       |    48 |       |       |       ||    48
       Delayed Fireball  |       |       |       |       |    19 |    41 |    22 |     3 ||    85
       Iskenderun's Batt |       |       |       |       |    25 |    15 |     3 |     2 ||    45
       Bolt of Magma     |       |       |       |       |     5 |       |       |       ||     5
       Control Teleport  |       |       |       |       |     1 |     2 |     1 |     1 ||     5
       Bolt of Fire      |       |       |       |       |       |   157 |   155 |    40 ||   352
       Spellforged Servi |       |       |       |       |       |    81 |    60 |    30 ||   171
       Orb of Destructio |       |       |       |       |       |    18 |    31 |    19 ||    68
       Fire Storm        |       |       |       |       |       |       |    38 |    59 ||    97
       Recall            |       |       |       |       |       |       |     1 |     2 ||     3
 Abil: Evoke Flight      |       |       |       |     1 |       |       |       |       ||     1
       Evoke Teleportati |       |       |       |     1 |       |       |       |       ||     1
       Release Delayed F |       |       |       |       |    18 |    40 |    22 |     4 ||    84
       Evoke Berserk Rag |       |       |       |       |     1 |       |       |       ||     1
       Evoke Blink       |       |       |       |       |       |     1 |       |       ||     1
Evoke: Wand              |       |       |     2 |     5 |     5 |     6 |     5 |       ||    23
       Fan of gales      |       |       |       |       |     1 |     1 |       |       ||     2
       Lamp of fire      |       |       |       |       |       |     2 |       |       ||     2
       Phial of floods   |       |       |       |       |       |     1 |       |     1 ||     2
       Deck              |       |       |       |       |       |    18 |       |       ||    18
       Box of beasts     |       |       |       |       |       |     1 |       |       ||     1
  Use: Potion            |     2 |     5 |     3 |     3 |    12 |    17 |     6 |     4 ||    52
       Scroll            |       |     4 |     3 |    14 |    13 |    33 |    14 |    11 ||    92
 Stab: Sleeping          |     1 |     1 |       |     1 |       |     4 |       |       ||     7
       Distracted        |       |       |     1 |       |       |     2 |     1 |       ||     4
